 Dungeon Crawl Stone Soup version 0.26.1-11-gd32895ea62 (webtiles) character file.

Game seed: 6762669840093534714

84327 dtburroughs the Fighter (level 15, -9/112 (138) HPs)
             Began as a Minotaur Berserker on May 11, 2021.
             Was an Elder of Trog.
             Killed from afar by a wretched star (17 damage)
             ... with a lance of force
             ... on level 2 of the Abyss.
             The game lasted 01:36:37 (37670 turns).

dtburroughs the Fighter (Minotaur Berserker)       Turns: 37670, Time: 01:36:37

HP:   -9/112 (138)  AC: 21    Str: 23 (26) XL:     15   Next: 34%
MP:   9/9           EV: 17    Int:  1 (3)  God:    Trog [****..]
Gold: 1586          SH: 15    Dex: 12 (15) Spells: 14/14 levels left

rFire    . . .     SeeInvis .   Y - +6 flail
rCold    . . .     Faith    .   f - +2 kite shield
rNeg     . . .     Spirit   .   W - +2 plate armour of Free Expression {Str+4}
rPois    .         Reflect  .   (helmet restricted)
rElec    .         Harm     .   T - scarf {+Inv}
rCorr    .         Rampage  .   h - +0 pair of gloves
Will     +....                  (no boots)
Stlth    ..........             U - amulet of magic regeneration
HPRegen  0.00/turn              R - +6 ring of dexterity
MPRegen  0.36/turn              q - +4 ring of evasion

@: slightly contaminated, non-regenerating, mildly diseased, heavily drained,
invisible
A: retaliatory headbutt, horns 2, icy blue scales 1, [blurry vision 2],
[deterioration 2], [dopey 2], [low mp 3], [screaming 1], [weak 2]
a: Renounce Religion, Evoke Invisibility, Berserk, Trog's Hand, Brothers in Arms


You were on level 2 of the Abyss.
You worshipped Trog.
Trog was greatly pleased with you.
You visited 2 branches of the dungeon, and saw 20 of its levels.
You visited the Abyss 1 time.
You also visited: Sewer.

You collected 1586 gold pieces.

Inventory:

Hand Weapons
 l - a +4 vorpal executioner's axe
 y - the +0 hand axe of Dibb {drain, rPois rC+ Will+}
   (You found it on level 6 of the Lair of Beasts)

   A truly terrible weapon, it drains the life of those it strikes.
   It protects you from cold.
   It protects you from poison.
   It affects your willpower, your defense against some magical effects.
 Q - a +3 war axe
 Y - a +6 flail (weapon)
Armour
 f - a +2 kite shield (worn)
 h - a +0 pair of gloves (worn)
 C - a +2 scale mail of fire resistance
 D - +1 swamp dragon scales
 T - a scarf of invisibility (worn)
 W - the +2 plate armour of Free Expression (worn) {Str+4}
   (You found it on level 6 of the Lair of Beasts)

   It affects your strength (+4).
Jewellery
 q - a +4 ring of evasion (right hand)
 B - a +6 ring of intelligence
 J - an uncursed ring of see invisible {unknown}
 R - a +6 ring of dexterity (left hand)
 U - an amulet of magic regeneration (around neck)
Wands
 b - a wand of flame (46)
 e - a wand of polymorph (8)
 n - a wand of random effects (25)
 s - a wand of paralysis (5)
 v - a wand of iceblast (5)
 x - a wand of disintegration (1)
 O - a wand of digging (7)
Scrolls
 d - a scroll of brand weapon {unknown}
 i - 8 scrolls of identify
 k - 3 scrolls of blinking {unknown}
 m - 11 scrolls of teleportation
 r - 2 scrolls of enchant weapon {unknown}
 w - 2 scrolls of magic mapping {unknown}
 z - a scroll of vulnerability {unknown}
 A - 8 scrolls of remove curse
 F - 3 scrolls of immolation {unknown}
 I - a scroll of fog {unknown}
 L - 5 scrolls of enchant armour {unknown}
 S - 5 scrolls of amnesia {unknown}
 X - 2 scrolls of acquirement {unknown}
Potions
 a - 2 potions of degeneration
 c - a potion of invisibility {unknown}
 g - 3 potions of mutation
 j - 8 potions of flight
 o - 3 potions of ambrosia {unknown}
 p - 4 potions of curing
 u - 2 potions of magic {unknown}
 E - a potion of cancellation {unknown}
 H - 7 potions of might
 P - 2 potions of attraction {unknown}
 V - 2 potions of lignification {unknown}
Miscellaneous
 K - a tin of tremorstones (2/2)
 Z - a phial of floods


   Skills:
 + Level 14.1 Fighting
 + Level 14.0 Axes
 + Level 14.0 Armour
 + Level 12.8 Dodging
 + Level 13.3 Shields
 + Level 9.0 Evocations


You had 14 spell levels left.
You didn't know any spells.
Your spell library was empty.

Dungeon Overview and Level Annotations

Branches:
Dungeon (14/15)            Temple (0/1) D:7            Lair (6/6) D:9
  Swamp (0/4) Lair:2        Snake (0/4) Lair:3        Slime (0/5) Lair:6
    Orc (0/2) D:9          Vaults (0/5) D:14          Sewer (visited)

Altars:
Dithmenos
Okawaru
Qazlal
Ru
Yredelemnul
Zin
Jiyva

Shops:
D:9 !   D:12 !=

Portals:
Trove: D:11 (give 12 potions of heal wounds)

Annotations:
D:11 3 runed translucent doors
D:14 Agnes


Innate Abilities, Weirdness & Mutations

You reflexively headbutt those who attack you in melee.
You have a pair of horns on your head.
You are partially covered in icy blue scales. (AC +2)
[Scrolls take you longer to read.]
[Your body often deteriorates upon taking damage.]
[You are very dopey. (Int -4)]
[Your magical capacity is extremely low. (-30% MP)]
[You occasionally shout uncontrollably at your foes.]
[You are very weak. (Str -4)]


Message History

Aiming: Disintegrate
Press: ? - help, Shift-Dir - straight line, f - wretched star
Aim: a wretched star (lava, infinite will)
The wretched star is unaffected.
A starcursed mass splits.
The wretched star glows turbulently.
The lance of force hits you!
Your body deteriorates!
You feel clumsy.
* * * LOW HITPOINT WARNING * * *
Okay, then.
Really read with blurry vision while enemies are nearby?
The wretched star glows turbulently.
The lance of force hits you!
* * * LOW HITPOINT WARNING * * *
Your body deteriorates!
You feel dopey.
You are lightly contaminated with residual magic.
You begin reading the scroll.
You continue reading the scroll.
A starcursed mass splits.
The wretched star glows turbulently.
The lance of force hits you!
You die... .. ... ≈. .. .§ . . #. .§ .#.≈ #§#§ XX.

#§*§#.X #
§.#§#..#.
#≈≈§..≈..
#@# ###


You could see 3 starcursed masses and a wretched star.

Vanquished Creatures
  Rupert (D:14)
  A tentacled starspawn (Abyss:2)
  5 dire elephants (Lair:6)
  6 hydras
  A boulder beetle (D:13)
  4 centaur warriors
  2 two-headed ogres (D:14)
  2 catoblepae
  An anaconda (Lair:6)
  6 death yaks
  A deep elf knight (D:14)
  2 wretched stars (Abyss:2)
  2 skeletal warriors
  Pikel (D:5)
  5 deep elf magi
  7 ugly things
  A cyclops (D:12)
  A manticore (D:12)
  18 elephants
  A torpor snail (Lair:4)
  7 black mambas
  2 gargoyles (D:14)
  2 smoke demons (Abyss:2)
  15 cane toads
  A kobold demonologist (D:12)
  3 rime drakes
  10 komodo dragons
  5 trolls
  2 ancient zymes (Abyss:2)
  Prince Ribbit (D:8)
  4 polar bears
  2 hornets (D:11)
  13 blink frogs
  8 slime creatures
  14 dream sheep
  3 small abominations (Abyss:2)
  5 wraiths
  A vampire (D:13)
  7 wyverns
  6 basilisks
  45 yaks
  3 vampire mosquitoes (D:12)
  2 swamp worms (Lair:2)
  A soldier ant (shapeshifter) (D:9)
  A soldier ant (D:12)
  An acid dragon (D:14)
  18 water moccasins
  Duvessa (D:5)
  A black bear (Lair:3)
  Purgy (Sewer)
  9 ice beasts
  A hornet zombie (D:7)
  5 orc warriors
  An eye of draining (D:13)
  A necrophage (D:13)
  6 sky beasts
  16 wolves
  6 ogres
  2 phantoms
  22 centaurs
  2 elf zombies (D:8)
  2 big kobolds
  Blork the orc (D:4)
  22 bullfrogs
  2 elf skeletons (D:8)
  A wyvern zombie (D:13)
  Dowan (D:5)
  4 scorpions
  9 killer bees
  13 wights
  A quasit (Abyss:2)
  A bullfrog zombie (D:8)
  2 centaur zombies
  3 orc priests
  10 hounds
  4 jellies
  9 orc wizards
  A bullfrog skeleton (D:5)
  4 centaur skeletons
  A gnoll shaman (D:9)
  2 iguanas (D:8)
  Ijyb (D:4)
  Natasha (thrice) (D:2)
  8 worker ants
  2 human skeletons (D:8)
  A worker ant zombie (D:11)
  9 adders
  18 gnolls
  2 river rats (D:6)
  3 shadow imps
  3 white imps
  2 ufetubi
  An ooze (D:1)
  3 adder zombies
  An adder skeleton (D:10)
  2 worms
  4 dart slugs
  8 leopard geckos
  46 orcs
  4 ball pythons
  8 bats
  6 giant cockroaches
  31 hobgoblins
  20 jackals
  17 kobolds
  7 quokkas
  6 frilled lizards
  A giant cockroach zombie (D:5)
  28 goblins
  A jackal skeleton (D:4)
  A leopard gecko zombie (D:6)
  2 orc skeletons (D:8)
  3 orc zombies (D:8)
  4 rats
  A bush (D:9)
  4 starspawn tentacles (Abyss:2)
678 creatures vanquished.

Vanquished Creatures (collateral kills)
  4 skeletal warriors
  A manticore (D:12)
  A centaur skeleton (D:14)
  A gargoyle (D:11)
  A tyrant leech (Lair:2)
  2 wyverns (D:9)
  7 yaks
  A wraith (D:14)
  A water moccasin (D:9)
  A sky beast (D:11)
  An ice beast (D:12)
  An ogre (D:12)
  2 centaurs (D:14)
  A bullfrog (D:9)
  A wyvern skeleton (D:14)
  An iron imp (Abyss:2)
27 creatures vanquished.

Vanquished Creatures (others)
  59 fungi
  71 plants
  2 starspawn tentacles (Abyss:2)
132 creatures vanquished.

Grand Total: 837 creatures vanquished

Notes
Turn   | Place    | Note
-------+----------+-------------------------------------------
     0 | D:1      | dtburroughs the Minotaur Berserker began the quest for the
                  | Orb.
     0 | D:1      | Reached XP level 1. HP: 19/19 MP: 0/0
    43 | D:1      | Reached XP level 2. HP: 15/27 MP: 1/1
   414 | D:1      | Reached XP level 3. HP: 33/33 MP: 2/2
   662 | D:1      | Reached ** piety under Trog
   995 | D:2      | Noticed Natasha
  1005 | D:2      | Killed Natasha
  1006 | D:2      | Reached XP level 4. HP: 18/40 MP: 3/3
  1590 | D:2      | Noticed Natasha
  1602 | D:2      | Killed Natasha
  1710 | D:2      | Noticed Natasha
  1718 | D:2      | Killed Natasha
  1719 | D:2      | Reached XP level 5. HP: 44/47 MP: 4/4
  1743 | D:2      | Reached skill level 1 in Shields
  1845 | D:2      | Found an iron altar of Okawaru.
  2326 | D:3      | Reached *** piety under Trog
  2334 | D:3      | Found a sacrificial altar of Ru.
  2720 | D:3      | Reached skill level 5 in Axes
  3030 | D:3      | Reached XP level 6. HP: 44/55 MP: 5/5
  3039 | D:3      | Reached skill level 5 in Fighting
  3048 | D:3      | Reached **** piety under Trog
  4493 | D:4      | Noticed Ijyb
  4501 | D:4      | Paralysed by Ijyb for 4 turns
  4511 | D:4      | Paralysed by Ijyb for 5 turns
  4519 | D:4      | Killed Ijyb
  4520 | D:4      | Reached XP level 7. HP: 58/61 MP: 6/6
  4634 | D:4      | Noticed Blork the orc
  4647 | D:4      | Killed Blork the orc
  4732 | D:4      | Reached skill level 5 in Armour
  5179 | D:4      | Found a basalt altar of Yredelemnul.
  5287 | D:5      | Entered Level 5 of the Dungeon
  5379 | D:5      | Found a shadowy altar of Dithmenos.
  5397 | D:5      | Noticed Pikel
  5406 | D:5      | Killed Pikel
  5407 | D:5      | Reached skill level 5 in Dodging
  5407 | D:5      | Reached XP level 8. HP: 46/71 MP: 7/7
  5551 | D:5      | Noticed Duvessa
  5551 | D:5      | Noticed Dowan
  5592 | D:5      | Killed Duvessa
  5598 | D:5      | Killed Dowan
  5901 | D:5      | Found a stormy altar of Qazlal.
  6956 | D:6      | Reached skill level 5 in Shields
  6963 | D:6      | Reached ***** piety under Trog
  7140 | D:6      | Found a glowing drain.
  7154 | Sewer    | Entered a sewer
  7288 | Sewer    | Noticed Purgy
  7299 | Sewer    | Killed Purgy
  7398 | D:6      | Identified the +7 hunting sling of Purpose {venom, rPois
                  | Str+3}
  7401 | D:6      | Received a gift from Trog
  7408 | D:6      | Reached XP level 9. HP: 79/79 MP: 8/8
  7960 | D:7      | Found a staircase to the Ecumenical Temple.
  9141 | D:8      | You fall into a shaft and drop 1 floor!
  9149 | D:9      | Found a staircase to the Orcish Mines.
  9275 | D:9      | Noticed a troll
  9291 | D:9      | Killed a troll
  9577 | D:9      | Reached XP level 10. HP: 50/90 MP: 9/9
  9781 | D:9      | Found a staircase to the Lair.
  9938 | D:9      | Found Areuf's Distillery.
 10136 | D:8      | Noticed Prince Ribbit
 10265 | D:8      | Received a gift from Trog
 10328 | D:8      | Killed Prince Ribbit
 10783 | D:9      | Found a glowing silver altar of Zin.
 10974 | D:9      | Reached skill level 1 in Evocations
 11150 | D:10     | Entered Level 10 of the Dungeon
 12227 | D:11     | Noticed a gargoyle
 12253 | D:11     | Killed a gargoyle
 12660 | D:11     | Reached XP level 11. HP: 99/99 MP: 10/10
 12744 | D:11     | Found a portal to a secret trove of treasure.
 13003 | D:11     | Reached skill level 10 in Axes
 13020 | D:11     | Reached skill level 10 in Fighting
 13975 | D:11     | Found a runed translucent gate.
 13975 | D:11     | Found a runed translucent gate.
 13975 | D:11     | Found a runed translucent gate.
 13975 | D:11     | Noticed a cyan very ugly thing
 13976 | D:11     | Noticed a green ugly thing
 13976 | D:11     | Noticed a glowing orange brain
 13976 | D:11     | Noticed a cyan ugly thing
 13976 | D:11     | Noticed a brown ugly thing
 14128 | D:12     | Reached skill level 10 in Armour
 14255 | D:12     | Found Yrronodi's Jewellery Shop.
 14439 | D:12     | Noticed a green ugly thing
 14450 | D:12     | Killed a green ugly thing
 14781 | D:12     | Found Lisuuk's Distillery.
 14782 | D:12     | Noticed a skeletal warrior
 14851 | D:12     | Noticed a skeletal warrior
 14851 | D:12     | Noticed a skeletal warrior
 14852 | D:12     | Noticed a skeletal warrior
 14858 | D:12     | Killed a skeletal warrior
 14904 | D:12     | Killed a skeletal warrior
 14906 | D:12     | Killed a skeletal warrior
 15027 | D:12     | Killed a skeletal warrior
 15582 | D:12     | Noticed a skeletal warrior
 15589 | D:12     | Noticed a cyan ugly thing
 15664 | D:11     | Killed a skeletal warrior
 15672 | D:11     | Killed a cyan ugly thing
 15673 | D:11     | Reached XP level 12. HP: 55/108 MP: 11/11
 16407 | D:12     | Reached skill level 10 in Shields
 17284 | Lair:1   | Entered Level 1 of the Lair of Beasts
 17312 | Lair:1   | Reached skill level 5 in Evocations
 17600 | D:9      | Reached skill level 10 in Dodging
 18044 | D:9      | Received a gift from Trog
 19538 | Lair:2   | Noticed a four-headed hydra
 19552 | Lair:2   | Killed a seven-headed hydra
 20831 | Lair:2   | Reached XP level 13. HP: 109/117 MP: 12/12
 22574 | Lair:2   | Found a staircase to the Swamp.
 23734 | Lair:3   | Found a staircase to the Snake Pit.
 28544 | Lair:4   | Reached XP level 14. HP: 108/127 MP: 13/13
 29494 | Lair:6   | Entered Level 6 of the Lair of Beasts
 30680 | Lair:6   | Got a crystal hand axe
 30711 | Lair:6   | Identified the cursed +0 hand axe of Dibb {drain, rPois rC+
                  | Will+} (You found it on level 6 of the Lair of Beasts)
 31199 | Lair:6   | Found a viscous altar of Jiyva.
 31199 | Lair:6   | Found a staircase to the Slime Pits.
 31942 | Lair:6   | Found the +3 crown of Dyrovepreva {rElec Int+2 SInv}
 32413 | Lair:6   | Got an ancient plate armour
 32424 | Lair:6   | Identified the +2 plate armour of Free Expression {Str+4}
                  | (You found it on level 6 of the Lair of Beasts)
 33403 | D:13     | Received a gift from Trog
 34920 | D:14     | Noticed Rupert
 34968 | D:14     | Killed Rupert
 34969 | D:14     | Reached XP level 15. HP: 80/137 MP: 14/14
 36262 | D:14     | Found a gate to the Vaults.
 36394 | D:14     | Noticed Agnes
 37226 | D:14     | Cast into level 2 of the Abyss (Agnes)
 37226 | Abyss:2  | Found a corrupted altar of Lugonu.
 37367 | Abyss:2  | HP: 1/118 [something (26)]
 37448 | Abyss:2  | Gained mutation: [You frequently scream uncontrollably at
                  | your foes.] [potion of mutation]
 37448 | Abyss:2  | Lost mutation: [You frequently scream uncontrollably at
                  | your foes.] [potion of mutation]
 37448 | Abyss:2  | Gained mutation: You are partially covered in icy blue
                  | scales. (AC +2) [potion of mutation]
 37585 | Abyss:2  | Noticed a tentacled starspawn
 37626 | Abyss:2  | Killed a tentacled starspawn
 37670 | Abyss:2  | Killed from afar by a wretched star

Illustrated notes

Levels and vault maps discovered:
D:1:      psy_arrival_fountain, layout_rooms
D:2:      layout_rooms, okawaru_metal_pillars_1_2, uniq_natasha
D:3:      minmay_goblin_kobold_castle, layout_basic, lemuel_doored_altar,
          serial_forest, infiniplex_forest_lined_room_,
          infiniplex_forest_straight_3, infiniplex_forest_clump_long,
          infiniplex_forest_end_2, infiniplex_forest_lined_room_2,
          infiniplex_forest_lined_4_way, infiniplex_forest_clump_double
D:4:      layout_gridville, kennysheep_mini_moat, dk_noncrumbling_2, uniq_ijyb,
          uniq_blork_the_orc
D:5:      layout_layer_cave, grunt_dithmenos_smoke, grunt_qazlal_sundering,
          uniq_pikel, uniq_duvessa
D:6:      layout_loops_ring, portal_sewer_entry_b, st_stairs_5,
          grunt_ministairs_11
D:7:      layout_basic, minmay_temple_entry_glass
D:8:      layout_rooms, nicolae_ossuary_entry_catacombs, uniq_prince_ribbit1
D:9:      layout_rooms, lemuel_crystal_altar, minmay_lair_entry_grove,
          david_orc_2, serial_shops, nicolae_shop_stone
D:10:     layout_gridville
D:11:     layout_basic, ploomutoo_gammafunk_ghost_potion_laboratory,
          enter_trove_2, fungi_pond_lemuel
D:12:     layout_irregular_city, portal_ice_cave_entry_ice_beasts, serial_shops,
          kennysheep_mini, shop, serial_co_window_serial, co_window_paths_a,
          co_window_corner_a, co_window_of_opportunity_a, co_window_paths_a,
          co_window_corner_a, co_window_2corner, co_window_corner_b,
          co_window_broadway_a, co_window_sun, co_window_paths_d,
          glass_columns_c, glass_columns_a, glass_columns_a, glass_columns_c
D:13:     layout_rooms
D:14:     layout_stronghold, hangedman_vaults_entry_quadrant_bands, uniq_agnes,
          uniq_rupert
Lair:1:   layout_regular_city
Lair:2:   layout_regular_city, palyth_hydra_swamp_entry, serial_bayou_shore_b,
          grunt_megastairs_4, serial_bayou_shore_a
Lair:3:   layout_layer_cave, serial_bayou_pond_e
Lair:4:   layout_cave_shapes, lemuel_fruit_tree
Lair:5:   layout_layer_cave, grunt_megastairs_3, infiniplex_staircase_pool_2
Lair:6:   due_jungle_book, layout_regular_city, dpeg_slime_entry_enclosed_altar
Abyss:2:  base: D:5, hangedman_abyss_river_spirits,
          guppyfry_abyss_exit_glass_guarded

Skill      XL: |  1  2  3  4  5  6  7  8  9 10 11 12 13 14 15 |
---------------+----------------------------------------------+-----
Fighting       | 4 5 6 7 8 9 10 11 12 13 14 | 14.1
Axes           | 4 5 6 7 8 9 10 11 12 13 14 | 14.0
Armour         | 3 4 5 6 8 9 10 11 12 13 14 | 14.0
Dodging        | 3 4 5 6 7 8 9 10 11 12 | 12.8
Shields        | 1 2 4 5 7 8 9 10 12 13 | 13.3
Evocations     | 2 4 6 7 8 9 |  9.0

Action                   |  1- 3 |  4- 6 |  7- 9 | 10-12 | 13-15 || total
-------------------------+-------+-------+-------+-------+-------++-------
Melee: Hand axe          |    54 |   286 |    17 |       |   438 ||   795
       Headbutt          |    10 |    39 |    65 |   181 |   391 ||   686
       Flail             |       |       |   343 |   209 |   882 ||  1434
       War axe           |       |       |       |   682 |       ||   682
Invok: Berserk           |     1 |     1 |       |     2 |     2 ||     6
       Trog's Hand       |       |       |     2 |     2 |     5 ||     9
       Brothers in Arms  |       |       |     1 |     6 |     6 ||    13
 Abil: Evoke Invisibilit |       |       |       |       |     6 ||     6
Evoke: Wand              |       |       |       |       |    23 ||    23
  Use: Scroll            |       |       |     4 |     3 |    14 ||    21
       Potion            |       |       |       |     1 |    17 ||    18
 Stab: Paralysed         |       |       |       |       |     7 ||     7
       Invisible         |       |       |       |       |     1 ||     1
Armor: Animal skin       |    10 |       |       |       |       ||    10
       Ring mail         |     8 |    83 |    34 |       |       ||   125
       Chain mail        |       |       |    98 |       |       ||    98
       Plate armour      |       |       |    74 |   364 |   394 ||   832
Dodge: Dodged            |    51 |   122 |   135 |   327 |   574 ||  1209
Block: Kite shield       |       |   112 |   211 |   594 |  1002 ||  1919
